 Dungeon Crawl Stone Soup version 0.30-a0-341-g682706514a (webtiles) character file.

Game seed: 5127704259717960720

35738 IdlyInterested the Warrior (level 13, -5/120 HPs)
             Began as a Demonspawn Wanderer on Nov 1, 2022.
             Killed from afar by a rakshasa (16 damage)
             ... with a lance of force
             ... on level 2 of the Abyss on Nov 2, 2022.
             The game lasted 01:16:48 (16266 turns).

IdlyInterested the Warrior (Demonspawn Wanderer)   Turns: 16266, Time: 01:16:49

Health: -5/120     AC: 43    Str: 19    XL:     13   Next: 49%
Magic:  0/31       EV: 12    Int: 16    God:
Gold:   521        SH:  7    Dex: 15    Spells: 22/22 levels left

rFire   x . .      SeeInvis .    P - +5 halberd (freeze)
rCold   + + .      Faith    .    (shield currently unavailable)
rNeg    . . .      Spirit   +    j - +13 ice dragon scales of Niozxir {rF- rC++ Regen+ MP+9}
rPois   +          Reflect  +    (helmet restricted)
rElec   .          Harm     .    C - +1 cloak
rCorr   +          Rampage  .    (no gloves)
Will    .....                    (no boots)
Stlth   ..........               o - amulet of reflection
HPRegen 2.20/turn                g - ring of the Octopus King {rCorr HP+2 AC+2 EV+2 SH+2}
MPRegen 0.44/turn                m - +6 ring of dexterity

@: sanguine armoured
A: antennae 2, powered by death 2, magic shield, magic regeneration, sanguine
armour 3, talons 1, poison resistance, shaggy fur 1
a: no special abilities


You were on level 2 of the Abyss.
You visited 2 branches of the dungeon, and saw 14 of its levels.
You visited the Abyss 1 time.
You also visited: Ossuary and Bailey.

You collected 745 gold pieces.
You spent 224 gold pieces at shops.

Inventory:

Hand Weapons
 F - the +7 captain's cutlass {speed, disarm}
   (You found it on level 13 of the Dungeon)

   Attacks with this weapon are significantly faster.
   It may disarm weapon-wielding foes when striking them, dealing extra damage
   in the process.
 L - a +3 trident
 P - a +5 halberd of freezing (weapon)
 Q - the +2 spear "Hell-Harrower" {flame, rPois Will++ Int+2}
   (You bought it in a shop on level 6 of the Dungeon)

   It burns those it strikes, dealing additional fire damage.
   Int:       It affects your intelligence (+2).
   rPois:     It protects you from poison.
   Will:      It greatly increases your willpower.
 T - a +0 glaive
Missiles
 b - 3 silver javelins
 k - 11 atropa-tipped darts
 s - 3 throwing nets
 N - 2 boomerangs of dispersal
Armour
 j - the +13 ice dragon scales of Niozxir (worn) {rF- rC++ Regen+ MP+9}
   (You found it in a bailey)

   rF:        It makes you vulnerable to fire.
   rC:        It greatly protects you from cold.
   MP:        It affects your magic capacity (+9).
   Regen:     It increases your rate of health regeneration.
 u - a +1 pair of boots
 C - a +1 cloak (worn)
 I - the +2 scale mail of Action {rElec}
   (You found it on level 5 of the Dungeon)

   rElec:     It insulates you from electricity.
 J - a +1 leather armour of fire resistance
 M - the +1 leather armour "Ifeoll" {Fly Slay+5}
   (You found it in a bailey)

   Slay:      It affects your accuracy & damage with ranged weapons and melee
   (+5).
   Fly:       It grants you flight.
Jewellery
 g - a ring of the Octopus King (left hand) {rCorr HP+2 AC+2 EV+2 SH+2}
   (You found it in a bailey)

   [ring of resist corrosion]

   AC:        It affects your AC (+2).
   EV:        It affects your evasion (+2).
   HP:        It affects your health (+2).
   rCorr:     It protects you from acid and corrosion.
   SH:        It affects your SH (+2).
 i - a ring of positive energy
 l - a ring of wizardry
 m - a +6 ring of dexterity (right hand)
 n - a ring of protection from fire
 o - an amulet of reflection (around neck)
 t - a ring of positive energy
 G - a ring of magical power
 Y - a ring of fire
 Z - a ring of ice
Wands
 a - a wand of mindburst (23)
 e - a wand of iceblast (25)
 x - a wand of polymorph (1)
 D - a wand of flame (34) (quivered)
Scrolls
 d - 5 scrolls of teleportation
 f - 7 scrolls of enchant weapon
 q - 3 scrolls of poison
 r - 2 scrolls of magic mapping
 z - 2 scrolls of amnesia
 B - 2 scrolls of fear
 E - a scroll of blinking
 K - a scroll of silence
 O - 9 scrolls of identify
 S - 4 scrolls of vulnerability
 X - 2 scrolls of butterflies
Potions
 c - 2 potions of lignification
 h - 2 potions of magic
 p - 3 potions of flight
 v - 3 potions of mutation
 w - 2 potions of brilliance
 A - 2 potions of ambrosia
 H - 3 potions of attraction
 R - 4 potions of cancellation
 U - 4 potions of curing
 V - 5 potions of heal wounds
 W - a potion of haste
Miscellaneous
 y - a phial of floods


   Skills:
 + Level 16.3 Fighting
 - Level 2.0 Throwing
 - Level 9.0 Armour
 - Level 2.0 Dodging
 - Level 2.0 Stealth
 - Level 5.0 Spellcasting
 - Level 3.0 Transmutations
 * Level 12.7 Invocations
 * Level 7.8 Evocations


You had 22 spell levels left.
You didn't know any spells.
Your spell library contained the following spells:

 Spells                   Type           Power      Damage    Failure   Level
 Beastly Appendage        Tmut           26%        N/A       14%         1
 Wereblood                Tmut           13%        N/A       21%         2
 Passwall                 Tmut/Erth      6%         N/A       36%         2
 Blink                    Tloc           8%         N/A       56%         2
 Cigotuvi's Dreadful Rot  Necr/Pois/Air  8%         N/A       56%         2
 Poisonous Vapours        Pois/Air       8%         N/A       56%         2
 Spider Form              Tmut/Pois      8%         N/A       58%         3
 Mephitic Cloud           Conj/Pois/Air  4%         N/A       80%         3
 Petrify                  Tmut/Erth      8%         N/A       94%         4
 Dispel Undead            Necr           4%         3d7       99%         4
 Manifold Assault         Tloc           4%         N/A       99%         4
 Death Channel            Necr           2%         N/A       100%        6
 Storm Form               Tmut/Air       4%         N/A       100%        7


Dungeon Overview and Level Annotations

Branches:
Dungeon (13/15)            Temple (1/1) D:4            Lair (0/5) D:9
    Orc (0/2) D:9         Ossuary (visited)          Bailey (visited)
 Vaults: D:13-14

Altars:
Ashenzari
Cheibriados
Dithmenos
Fedhas
Gozag
Hepliaklqana
Kikubaaqudgha
Makhleb
Nemelex Xobeh
Okawaru
Qazlal
Ru
Sif Muna
Trog
Uskayaw
Vehumet
Wu Jian
Xom
Yredelemnul

Shops:
D:6 *   D:9 (*   D:10 [

Annotations:
D:13 3 runed translucent doors, purpskrrrp's ghost, journeyman DjFE


Innate Abilities, Weirdness & Mutations

You have a pair of antennae on your head.
You regenerate health from kills.
When hurt, damage is shared between your health and your magic reserves.
You regenerate magic rapidly.
When seriously injured, your blood forms very thick armour. (AC +12)
You have sharp toenails.
Your system is resistant to poisons. (rPois)
You are covered in fur. (AC +1)


Message History

You destroy the starcursed mass!
The starcursed mass closely misses you.
The starcursed mass touches you but does no damage.
A deafening chorus of shrieks assaults your mind!
* * * LOW HITPOINT WARNING * * *
You suddenly lose the ability to move!
The starcursed mass touches you but does no damage.
The rakshasa hits you but does no damage.
You can move again.
You slice the rakshasa!! You freeze the rakshasa.
You kill the rakshasa!
The rakshasa shimmers and vanishes!
A deafening chorus of shrieks assaults your mind!
* * * LOW HITPOINT WARNING * * *
You shrug off the repeated paralysis!
The starcursed mass touches you but does no damage.
The starcursed mass barely misses you. The starcursed mass touches you.
* * * LOW HITPOINT WARNING * * *
You slash the starcursed mass! You freeze the starcursed mass.
You destroy the starcursed mass!
The starcursed mass shimmers and vanishes!
You block the starcursed mass's attack.
The starcursed mass touches you but does no damage. x2
The starcursed mass touches you.
* * * LOW HITPOINT WARNING * * *
The rakshasa weaves an illusion.
The starcursed mass shimmers and seems to become two!
A starcursed mass comes into view.
You slash the rakshasa! You freeze the rakshasa.
You claw the rakshasa, but do no damage.
The rakshasa is severely wounded.
The rakshasa hits you but does no damage.
The starcursed mass touches you but does no damage.
The starcursed mass closely misses you.
The rakshasa blinks!
A starcursed mass splits.
You closely miss the rakshasa.
The rakshasa is severely wounded.
The rakshasa gestures at you. The lance of force hits you!
You die...

#.. ...
......#
......#
......#
#......##
#†.†......
#X5.......
##XX....# .
#@XXZ.#....
##RX.####.# .
{X...# ..#.
.{§.....#
.........
..........##
.#.....#...
...###...###..


You could see 7 starcursed masses, a rakshasa, an iron imp and a harpy skeleton.

Vanquished Creatures
  Azrael (D:12)
  Josephine (D:12)
  A hydra (D:13)
  3 boulder beetles
  7 centaur warriors
  4 two-headed ogres
  A tengu warrior (D:13)
  A skeletal warrior (D:12)
  Pikel (D:7)
  A harpy (shapeshifter) (D:6)
  A wizard (D:12)
  5 manticores
  2 deep elf pyromancers (D:13)
  4 cyclopes (D:12)
  2 ugly things
  7 gargoyles
  Maurice (D:8)
  An unseen horror (D:9)
  A yaktaur (D:13)
  Psyche (D:11)
  A freezing wraith (D:12)
  A tengu conjurer (D:13)
  2 trolls
  4 slime creatures (D:12)
  4 raiju (Abyss:2)
  7 yaks
  Eustachio (D:5)
  2 shadows
  A wyvern (D:8)
  5 wraiths (D:12)
  3 vampires
  4 fire elementals (D:12)
  A basilisk (D:13)
  A steam dragon (D:7)
  7 vampire mosquitoes
  5 acid dragons
  3 water moccasins
  Duvessa (D:7)
  4 hell hounds (D:12)
  3 orc warriors
  5 sky beasts
  2 ice beasts (D:6)
  4 black bears
  4 ogres
  10 centaurs
  2 kobold brigands
  A lemure (D:7)
  Blork the orc (D:6)
  A necrophage (D:5)
  3 bullfrogs (D:9)
  A wyvern zombie (Ossuary)
  4 scorpions
  A water moccasin zombie (Ossuary)
  13 wights
  Dowan (D:7)
  6 vampire bats (Bailey)
  9 killer bees
  3 howler monkeys
  8 wolf zombies (Bailey)
  6 centaur zombies (Ossuary)
  4 bullfrog zombies (Ossuary)
  10 mummies (Ossuary)
  5 starcursed masses (Abyss:2)
  6 orc priests
  2 gnoll boudas
  3 hounds
  3 jellies
  Crazy Yiuf (D:3)
  Jessica (D:3)
  5 iguanas
  Terence (D:3)
  13 orc wizards
  A killer bee zombie (Ossuary)
  4 howler monkey zombies (Ossuary)
  5 adders
  7 gnolls
  An ufetubus (D:6)
  3 worms
  A dart slug (D:5)
  35 orcs
  2 bats
  8 endoplasms
  2 giant cockroaches
  6 goblins
  3 hobgoblins
  7 jackals
  A quokka (D:3)
  5 ball pythons
  2 frilled lizards (D:3)
  15 kobolds
  20 orc zombies (Bailey)
  3 rats
376 creatures vanquished.

Vanquished Creatures (others)
  15 fungi (D:9)
  12 plants (D:9)
  13 withered plants
40 creatures vanquished.

Grand Total: 416 creatures vanquished

Notes
Turn   | Place    | Note
-------+----------+-------------------------------------------
     0 | D:1      | IdlyInterested the Demonspawn Wanderer began the quest for
                  | the Orb.
     0 | D:1      | IdlyInterested set off with the following items: a +0 club,
                  | a +0 scale mail, a potion of lignification, a scroll of
                  | teleportation; and the following spell memorised: Beastly
                  | Appendage; and the following spells available to memorise:
                  | Passwall, Petrify.
     0 | D:1      | Reached XP level 1. HP: 13/13 MP: 3/3
   208 | D:1      | Gained mutation: You regenerate magic rapidly. [demonic
                  | ancestry]
   208 | D:1      | Reached XP level 2. HP: 20/20 MP: 3/5
   279 | D:1      | Reached skill level 1 in Fighting
  1281 | D:2      | Found a faded altar of an unknown god.
  1370 | D:2      | Reached XP level 3. HP: 6/26 MP: 6/6
  1380 | D:2      | Reached skill level 2 in Fighting
  1514 | D:2      | Reached skill level 1 in Evocations
  1525 | D:2      | Reached XP level 4. HP: 34/34 MP: 7/7
  2480 | D:3      | Found a burning altar of Makhleb.
  2592 | D:3      | Reached skill level 3 in Fighting
  2619 | D:3      | Reached XP level 5. HP: 19/41 MP: 8/8
  2741 | D:3      | Noticed Jessica
  2751 | D:3      | Killed Jessica
  2837 | D:3      | Found a runed translucent door.
  2838 | D:3      | Noticed Crazy Yiuf
  3050 | D:3      | Noticed Terence
  3059 | D:3      | Killed Terence
  3390 | D:3      | Killed Crazy Yiuf
  3391 | D:3      | Gained mutation: You have a pair of small antennae on your
                  | head. [demonic ancestry]
  3391 | D:3      | Reached XP level 6. HP: 26/47 MP: 8/10
  3545 | D:4      | Reached skill level 4 in Fighting
  3545 | D:4      | Reached skill level 1 in Dodging
  3715 | D:4      | Reached skill level 1 in Stealth
  3895 | D:4      | Found an iron altar of Okawaru.
  3964 | D:4      | Found a staircase to the Ecumenical Temple.
  3968 | D:4      | Gained mutation: When seriously injured, your blood forms
                  | armour. (AC +12) [demonic ancestry]
  3968 | D:4      | Reached XP level 7. HP: 51/55 MP: 11/11
  3978 | Temple   | Entered the Ecumenical Temple
  4313 | D:5      | Entered Level 5 of the Dungeon
  4488 | D:5      | Reached skill level 5 in Fighting
  4561 | D:5      | Identified the +2 scale mail of Action {rElec}
  4624 | D:5      | Found a sparkling altar of Nemelex Xobeh.
  5112 | D:5      | Noticed Eustachio
  5128 | D:5      | Killed Eustachio
  5129 | D:5      | Reached skill level 5 in Armour
  5129 | D:5      | Gained mutation: When hurt, damage is shared between your
                  | health and your magic reserves. [demonic ancestry]
  5129 | D:5      | Reached XP level 8. HP: 52/64 MP: 11/13
  5605 | D:6      | Reached skill level 6 in Fighting
  6020 | D:6      | Noticed Blork the orc
  6038 | D:6      | Killed Blork the orc
  6568 | D:6      | Reached skill level 5 in Invocations
  6615 | D:6      | a howler monkey changed into a shapeshifter
  6615 | D:6      | Noticed a shapeshifter (shapeshifter)
  6615 | D:6      | a shapeshifter changed into a harpy
  6615 | D:6      | Noticed a harpy (shapeshifter)
  6623 | D:6      | Killed a harpy
  6624 | D:6      | Reached skill level 7 in Fighting
  6624 | D:6      | Gained mutation: When seriously injured, your blood forms
                  | thick armour. (AC +12) [demonic ancestry]
  6624 | D:6      | Reached XP level 9. HP: 40/72 MP: 8/15
  7020 | D:6      | Found Kirph's Assorted Antiques.
  7378 | D:6      | Reached skill level 8 in Fighting
  7378 | D:6      | Reached skill level 5 in Spellcasting
  7416 | D:6      | Bought a glimmering spear for 224 gold pieces
  7416 | D:6      | Identified the +2 spear "Hell-Harrower" {flame, rPois
                  | Will++ Int+2} (You bought it in a shop on level 6 of the
                  | Dungeon)
  7550 | D:7      | Found a sand-covered staircase.
  7555 | Ossuary  | Entered an ossuary
  7660 | Ossuary  | Reached skill level 5 in Evocations
  7728 | Ossuary  | Reached skill level 9 in Fighting
  8148 | D:7      | Gained mutation: Your magical capacity is low. (-10% MP)
                  | [potion of mutation]
  8148 | D:7      | Lost mutation: Your magical capacity is low. (-10% MP)
                  | [potion of mutation]
  8191 | D:7      | Gained mutation: You have a pair of antennae on your head.
                  | [demonic ancestry]
  8191 | D:7      | Reached XP level 10. HP: 83/83 MP: 17/17
  8236 | D:7      | Noticed Duvessa
  8236 | D:7      | Noticed Dowan
  8239 | D:7      | Killed Dowan
  8246 | D:7      | Killed Duvessa
  8249 | D:7      | Noticed Pikel
  8266 | D:7      | Killed Pikel
  8736 | D:7      | Found an ancient bone altar of Kikubaaqudgha.
  8737 | D:7      | Found a stormy altar of Qazlal.
  8824 | D:7      | Reached skill level 10 in Fighting
  9244 | D:8      | Noticed Maurice
  9264 | D:8      | Killed Maurice
 10275 | D:9      | Found a staircase to the Orcish Mines.
 10348 | D:9      | Found Rokhluofe's General Store.
 10349 | D:9      | Found Ximpoaju's Weapon Shoppe.
 10410 | D:9      | Found a staircase to the Lair.
 10420 | D:9      | Reached skill level 11 in Fighting
 10641 | D:9      | Found a shimmering altar of Xom.
 10758 | D:9      | Found a shimmering blue altar of Sif Muna.
 10833 | D:9      | Gained mutation: You regenerate a little health from kills.
                  | [demonic ancestry]
 10833 | D:9      | Reached XP level 11. HP: 52/89 MP: 15/18
 11400 | D:10     | Entered Level 10 of the Dungeon
 11400 | D:10     | Found Uxtaamat's Antique Armour Shoppe.
 11492 | D:10     | Found a flagged portal.
 11501 | Bailey   | Entered a bailey
 11695 | Bailey   | Reached skill level 12 in Fighting
 11870 | Bailey   | Identified the +1 leather armour "Ifeoll" {Fly Slay+5}
 11968 | Bailey   | Found the ring of the Octopus King
 11972 | Bailey   | Identified the +1 robe of Bellicose Salvation {Contam rPois
                  | Str+6 Stlth+}
 11987 | Bailey   | Identified a ring of the Octopus King {rCorr HP+2 AC+2 EV+2
                  | SH+2}
 11988 | Bailey   | Identified the +13 ice dragon scales of Niozxir {rF- rC++
                  | Regen+ MP+9}
 13423 | D:11     | Noticed a boulder beetle
 13456 | D:11     | Killed a boulder beetle
 13580 | D:11     | Reached skill level 13 in Fighting
 13718 | D:11     | Noticed Psyche
 13724 | D:11     | Killed Psyche
 13725 | D:11     | Reached skill level 10 in Invocations
 13847 | D:11     | Gained mutation: You are covered in fur. (AC +1) [potion of
                  | mutation]
 13847 | D:11     | Gained mutation: You have sharp toenails. [potion of
                  | mutation]
 13847 | D:11     | Gained mutation: Your system is resistant to poisons.
                  | (rPois) [potion of mutation]
 13849 | D:12     | Noticed Azrael
 13860 | D:12     | Killed Azrael
 14041 | D:12     | Noticed a boulder beetle
 14060 | D:12     | Gained mutation: When seriously injured, your blood forms
                  | very thick armour. (AC +12) [demonic ancestry]
 14060 | D:12     | Reached XP level 12. HP: 106/106 MP: 19/19
 14070 | D:12     | Noticed a two-headed ogre
 14086 | D:12     | Killed a two-headed ogre
 14090 | D:12     | Killed a boulder beetle
 14125 | D:12     | Reached skill level 14 in Fighting
 14338 | D:12     | Noticed a two-headed ogre
 14348 | D:12     | Killed a two-headed ogre
 14527 | D:12     | Noticed a two-headed ogre
 14545 | D:12     | Killed a two-headed ogre
 14683 | D:12     | Noticed a centaur warrior
 14684 | D:12     | Noticed a centaur warrior
 14700 | D:12     | Killed a centaur warrior
 14706 | D:12     | Killed a centaur warrior
 14734 | D:12     | Reached skill level 15 in Fighting
 14737 | D:12     | Noticed a centaur warrior
 14743 | D:12     | Killed a centaur warrior
 15056 | D:12     | Noticed Josephine
 15064 | D:12     | Killed Josephine
 15076 | D:12     | Gained mutation: You regenerate health from kills. [demonic
                  | ancestry]
 15076 | D:12     | Reached XP level 13. HP: 116/116 MP: 21/21
 15578 | D:13     | Found a runed translucent gate.
 15578 | D:13     | Found a runed translucent gate.
 15578 | D:13     | Found a runed translucent gate.
 15578 | D:13     | Found an ancient bone altar of Kikubaaqudgha.
 15578 | D:13     | Noticed a lich
 15578 | D:13     | Noticed a lich
 15578 | D:13     | Noticed a lich
 15578 | D:13     | Noticed purpskrrrp's ghost (journeyman DjFE)
 15579 | D:13     | Noticed a lich
 15639 | D:13     | Reached skill level 16 in Fighting
 15692 | D:13     | Found the +7 captain's cutlass {speed, disarm}
 16171 | Abyss:2  | Cast into level 2 of the Abyss (vault guard)
 16235 | Abyss:2  | Noticed a starcursed mass
 16246 | Abyss:2  | Paralysed by accursed screaming for 1 turns
 16254 | Abyss:2  | Paralysed by accursed screaming for 1 turns
 16262 | Abyss:2  | Paralysed by accursed screaming for 1 turns
 16263 | Abyss:2  | HP: 3/120 [starcursed mass/accursed screaming (10)]
 16265 | Abyss:2  | Noticed a starcursed mass
 16266 | Abyss:2  | Killed from afar by a rakshasa

Illustrated notes

Levels and vault maps discovered:
D:1:      sevenhm_arrival_forest_fort_large_2, layout_basic
D:2:      layout_loops_ring, shapermc_ecumenical_altar_flowoftime
D:3:      layout_basic, old_standard_altar, chequers_arboretum, uniq_jessica,
          uniq_crazy_yiuf_cottage, uniq_terence
D:4:      layout_rooms, okawaru_metal_pillars_1_2,
          minmay_temple_entry_statues_pillars
D:5:      layout_loops_corners, nemelex_xobeh_ov_fountains_minmay,
          uniq_eustachio
D:6:      layout_basic, serial_shops, shop_fountains, grunt_tough_drop,
          uniq_blork_the_orc
D:7:      layout_loops_ring, gammafunk_temple_overflow_pools,
          nicolae_ossuary_entry_plus, serial_glass, glass_columns_a,
          glass_columns_b, uniq_duvessa, uniq_pikel
D:8:      layout_basic, mainiacjoe_overflow_small_starburst, serial_curves,
          eino_curves_03, eino_curves_03, eino_curves_03, eino_curves_03,
          uniq_maurice
D:9:      layout_gridville, mainiacjoe_overflow_boulevard,
          mainiacjoe_overflow_tiny_flanked, due_lair_maze_entry_diamond,
          orc_0_dummy, serial_shops, nicolae_shop_bloodbath_and_beyond,
          nicolae_diamond_shop
D:10:     layout_long_grid, enter_bailey_2, serial_shops, shop, moated_statue
D:11:     layout_rooms, uniq_psyche
D:12:     minmay_quarter_circles, layout_basic, minmay_tree_intersection,
          uniq_josephine, uniq_azrael
D:13:     layout_gridville, grunt_vaults_entry_fortified, gammafunk_ghost_crypt,
          chequers_jeans
Temple:   nicolae_temple_ecumenical_triangle
Abyss:2:  base: D:7, base:
D:13

Skill      XL: |  1  2  3  4  5  6  7  8  9 10 11 12 13 |
---------------+----------------------------------------+-----
Armour         | 3 5 6 7 9 |  9.0
Fighting       | 1 2 3 4 5 7 9 11 13 15 16 | 16.3
Invocations    | 2 3 5 7 8 10 11 12 | 12.7
Transmutations | 3 |  3.0
Evocations     | 1 2 3 5 6 7 |  7.8
Dodging        | 1 2 |  2.0
Spellcasting   | 3 4 5 |  5.0
Stealth        | 1 2 |  2.0
Throwing       | 2 |  2.0

Action                   |  1- 3 |  4- 6 |  7- 9 | 10-12 | 13-15 || total
-------------------------+-------+-------+-------+-------+-------++-------
Melee: Spear             |    66 |   101 |       |       |       ||   167
       Headbutt          |    11 |     3 |       |       |       ||    14
       Kick              |     9 |     4 |       |       |    63 ||    76
       Punch             |       |     2 |       |       |       ||     2
       War axe           |       |    33 |       |       |       ||    33
       Quarterstaff      |       |    55 |   174 |       |       ||   229
       Dire flail        |       |       |    69 |       |       ||    69
       Short sword       |       |       |    29 |       |       ||    29
       Halberd           |       |       |   142 |   847 |   165 ||  1154
       Trident           |       |       |       |       |     7 ||     7
 Cast: Beastly Appendage |    13 |     6 |       |       |       ||    19
Evoke: Wand              |       |       |     3 |    10 |    14 ||    27
  Use: Scroll            |     5 |     5 |    11 |     3 |       ||    24
       Potion            |       |     4 |     8 |     4 |     1 ||    17
 Stab: Distracted        |       |       |       |     1 |       ||     1
Armor: Scale mail        |    44 |    21 |   278 |   298 |       ||   641
       Chain mail        |       |    20 |       |       |       ||    20
       Ring mail         |       |     4 |     1 |       |       ||     5
       Ice dragon scales |       |       |       |   501 |   320 ||   821
Dodge: Dodged            |    22 |    81 |   481 |   822 |   210 ||  1616
Block: Other             |       |    45 |   168 |   390 |   126 ||   729
       Reflection        |       |     1 |     3 |     6 |    10 ||    20

Table legend: (Time is in decaauts)
 A = Elapsed time spent in this place.
 B = Non-inter-level travel time spent in this place.
 C = Inter-level travel time spent in this place.
 D = Time resting spent in this place.
 E = Time spent auto-exploring this place.
 F = Levels seen in this place.
 G = Mean time per level.
                   A        B        C        D        E       F      G
               +--------+--------+--------+--------+--------+-----+--------+
         Total |  17013 |  14614 |   2399 |   1245 |   8248 |  17 | 1000.8 |
       Dungeon |  15655 |  13256 |   2399 |   1146 |   7794 |  13 | 1204.2 |
        Temple |     49 |     49 |      0 |      0 |     32 |   1 |   49.0 |
         Abyss |    118 |    118 |      0 |      0 |     28 |   1 |  118.0 |
       Ossuary |    474 |    474 |      0 |     57 |     86 |   1 |  474.0 |
        Bailey |    715 |    715 |      0 |     41 |    308 |   1 |  715.0 |
               +--------+--------+--------+--------+--------+-----+--------+

Top non-repeatable levels by time:
     D:6: 2241 daAuts
    D:12: 1655 daAuts
     D:8: 1374 daAuts
     D:3: 1370 daAuts
     D:9: 1199 daAuts
     D:2: 1162 daAuts
     D:1: 1152 daAuts
     D:5: 1147 daAuts
     D:7: 1072 daAuts
    D:10: 1049 daAuts
    D:13: 809 daAuts
  Bailey: 715 daAuts
    D:11: 712 daAuts
     D:4: 708 daAuts
 Ossuary: 474 daAuts
